 Dungeon Crawl Stone Soup version 0.24-a0-139-geb6712d (webtiles) character file.

Game seed: 9621583276355363585

233 Anon1729 the Cudgeler (level 5, 0/50 HPs)
             Began as a Troll Gladiator on Mar 1, 2019.
             Slain by an iguana (9 damage)
             ... on level 3 of the Dungeon.
             The game lasted 00:03:43 (2967 turns).

Anon1729 the Cudgeler (Troll Gladiator)             Turns: 2967, Time: 00:03:45

Health: 0/50       AC:  6    Str: 22    XL:     5   Next: 74%
Magic:  0/4        EV: 14    Int:  4    God:
Gold:   200        SH:  0    Dex: 12    Spells: 4/4 levels left

rFire    . . .     SeeInvis .   a - +0 flail
rCold    . . .     Gourm    +   (no shield)
rNeg     . . .     Faith    .   b - +0 robe
rPois    +         Spirit   +   c - +0 hat
rElec    .         Reflect  .   h - scarf {Spirit}
rCorr    .         Harm     .   (gloves unavailable)
MR       .....                  (boots unavailable)
Stlth    +.........             (no amulet)
HPRegen  0.56/turn              r - +3 ring of evasion
MPRegen  0.09/turn              t - ring of poison resistance

@: no status effects
A: large, unfitting armour, claws 3, fast metabolism 3, gourmand, regeneration
1, shaggy fur 1, tough skin 3
a: no special abilities


You were on level 3 of the Dungeon.
You were very full.

You visited 1 branch of the dungeon, and saw 4 of its levels.

You collected 200 gold pieces.

Inventory:

Hand Weapons
 a - a +0 flail (weapon)
Missiles
 d - 3 throwing nets (quivered)
Armour
 b - a +0 robe (worn)
 c - a +0 hat (worn)
 h - a scarf of spirit shield (worn)
Jewellery
 e - an uncursed ring of ice
 r - a +3 ring of evasion (left claw)
 s - an uncursed ring of resist corrosion
 t - a ring of poison resistance (right claw)
Scrolls
 g - a scroll of teleportation {unknown}
 i - a scroll of fear {unknown}
 j - 3 scrolls of identify {unknown}
 l - 2 scrolls of amnesia {unknown}
 n - 2 scrolls of remove curse {unknown}
 q - 2 scrolls of enchant armour {unknown}
 v - a scroll of fog {unknown}
Potions
 k - a potion of degeneration {unknown}
 m - 2 potions of flight {unknown}
 o - a potion of heal wounds {unknown}
 p - a potion of haste {unknown}
 u - a potion of might {unknown}
Comestibles
 f - 8 rations


   Skills:
 + Level 2.7 Fighting
 + Level 3.7 Maces & Flails
 + Level 3.1 Throwing
 + Level 3.4 Dodging


You had 4 spell levels left.
You didn't know any spells.
Your spell library was empty.

Dungeon Overview and Level Annotations

Branches:
Dungeon (4/15)
 Temple: D:4-7

Altars:
Gozag


Innate Abilities, Weirdness & Mutations

You are too large for most types of armour.
You have claws for hands.
Your metabolism is lightning-fast.
You like to eat raw meat.
Your natural rate of healing is unusually fast.
You are covered in fur. (AC +1)
You have extremely tough skin. (AC +3)


Message History

The orc closely misses you. The iguana misses you. The iguana misses you.
There is an escape hatch in the ceiling here.
The iguana misses you. The hound bites you but does no damage.
A mysterious force pulls you upwards. The hatch slams shut behind you.
You hit the iguana but do no damage.
The iguana is severely wounded.
The iguana bites you!
* * * LOW HITPOINT WARNING * * *
The orc hits you but does no damage.
You completely miss the orc. The iguana bites you.
* * * LOW HITPOINT WARNING * * *
The orc hits you but does no damage.
You barely miss the iguana.
The iguana is severely wounded.
The iguana misses you. The orc hits you but does no damage.
The orc hits you with a +0 dagger.
* * * LOW HITPOINT WARNING * * *
The iguana bites you!
You die...

#####.#.###.#.#######
#.....#.....#.# #...
#.###########.#######
#....................
#..>.######.#.#######
#...........#.#<..#
#..#.#####..#.#.#.#
#..#o# #..#.#.#†#
#..#@# #..#.#.#.#
#..#l# #..#.#.#.###
#..#.# #..#.#.#....
####.########.#.#####
#..........#.#
############.# #.#
#.##### #......


You could see an iguana and an orc.

Vanquished Creatures
  A bullfrog (D:3)
  A worker ant (D:3)
  A gnoll (D:1)
  7 adders
  2 worms
  2 dart slugs
  2 leopard geckos (D:3)
  An orc (D:3)
  A giant cockroach (D:3)
  8 goblins
  3 hobgoblins
  12 jackals
  5 kobolds
  8 bats
  A frilled lizard (D:3)
  A quokka skeleton (D:3)
  7 rats
63 creatures vanquished.

Notes
Turn   | Place    | Note
-------+----------+-------------------------------------------
     0 | D:1      | Anon1729 the Troll Gladiator began the quest for the Orb.
     0 | D:1      | Reached XP level 1. HP: 19/19 MP: 0/0
     0 | D:1      | Noticed a green draconian
     0 | D:1      | Noticed a shadow dragon
     1 | D:1      | Noticed a red draconian
     6 | D:1      | Noticed a yellow draconian
    10 | D:1      | Noticed an ice dragon
    12 | D:1      | Noticed an iron dragon
    14 | D:1      | Noticed an ice dragon
    16 | D:1      | Noticed a shadow dragon
    16 | D:1      | Noticed a shadow dragon
    16 | D:1      | Noticed a shadow dragon
    18 | D:1      | Noticed a shadow dragon
    18 | D:1      | Noticed an iron dragon
    20 | D:1      | Noticed a shadow dragon
   479 | D:1      | Reached XP level 2. HP: 28/28 MP: 1/1
  1039 | D:2      | Reached XP level 3. HP: 35/35 MP: 2/2
  1584 | D:2      | Reached XP level 4. HP: 36/42 MP: 3/3
  2192 | D:3      | Noticed a bullfrog
  2204 | D:3      | Killed a bullfrog
  2204 | D:3      | Reached XP level 5. HP: 28/50 MP: 2/4
  2261 | D:3      | Found an opulent altar of Gozag.
  2967 | D:3      | Slain by an iguana

Levels and vault maps discovered:
D:1:      shiori_arrival_whats_in_store_for_you, layout_basic
D:2:      layout_basic
D:3:      layout_basic, nicolae_gozag_seed_capital, st_stairs_13,
          hangedman_decor_push
D:4:      layout_rooms, old_standard_altar, nicolae_overflow_hidden_temple,
          uniq_edmund

Skill      XL: |  1  2  3  4  5 |
---------------+----------------+-----
Throwing       | 2 3 |  3.1
Maces & Flails | 3 |  3.7
Fighting       | 2 |  2.7
Dodging        | 3 |  3.4

Action                   |  1- 3 |  4- 6 || total
-------------------------+-------+-------++-------
Melee: Flail             |    99 |   163 ||   262
 Stab: Sleeping          |       |     2 ||     2
  Eat: Chunk             |    16 |    17 ||    33
Armor: Robe              |    91 |    64 ||   155
Dodge: Dodged            |   126 |   187 ||   313

Table legend:
 A = Non-vault XP
 B = Vault XP
 C = Vault XP percentage of total XP
 D = Non-vault monster count
 E = Vault monster count
 F = Vault count percentage of total count
                 A         B        C        D         E       F
            +---------+---------+-------+---------+---------+-------
      Total |     331 |       2 |   0.6 |      61 |       2 |   3.2
            +---------+---------+-------+---------+---------+-------
        D:1 |      38 |       0 |   0.0 |      14 |       0 |   0.0
        D:2 |      68 |       0 |   0.0 |      18 |       0 |   0.0
        D:3 |     189 |       2 |   1.0 |      24 |       2 |   7.7
        D:4 |      36 |       0 |   0.0 |       5 |       0 |   0.0
            +---------+---------+-------+---------+---------+-------
